 Dungeon Crawl Stone Soup version 0.17.2 (webtiles) character file.

418 Goblin1989 the Cudgeler (level 6, -13/35 HPs)
             Began as a Gargoyle Gladiator on May 28, 2016.
             Mangled by an ogre
             ... wielding a +0 giant spiked club
              (19 damage)
             ... on level 4 of the Dungeon.
             The game lasted 00:06:15 (2508 turns).

Goblin1989 the Cudgeler (Gargoyle Gladiator)        Turns: 2508, Time: 00:06:15

Health: -13/35     AC: 10    Str: 21      XL:     6   Next: 93%
Magic:  6/6        EV: 11    Int:  7 (8)  God:
Gold:   120        SH:  0    Dex: 10      Spells: 0 memorised, 5 levels left

rFire  . . .     SeeInvis .     a - +0 flail
rCold  . . .     Clarity  .     m - +0 ring mail (curse)
rNeg   + . .     SustAt   .     (no shield)
rPois  ∞         Gourm    .     c - +0 helmet
rElec  +         Spirit   .     (no cloak)
rCorr  .         Warding  .     (no gloves)
rMut   .         Stasis   .     (no boots)
MR     .....                    (no amulet)
Stlth  ..........               (no ring)
                                (no ring)

@: not resistant to hostile enchantments, extremely unstealthy
A: negative energy resistance 1, electricity resistance, unbreathing,
petrification resistance, rot immunity, AC +4
a: no special abilities


You were on level 4 of the Dungeon.
You were not hungry.

You visited 1 branch of the dungeon, and saw 4 of its levels.

You collected 120 gold pieces.

Inventory:

Hand Weapons
 a - a +0 flail (weapon)
Missiles
 d - 2 throwing nets (quivered) {=f, !d}
Armour
 c - a +0 helmet (worn)
 m - a cursed +0 ring mail (worn)
Scrolls
 b - a scroll of enchant armour {unknown}
 g - 2 scrolls of recharging {unknown}
 h - a scroll of amnesia {unknown}
 i - 2 scrolls of identify {unknown}
 j - a scroll of fog {unknown}
 k - a scroll of teleportation {unknown}
 l - a scroll of blinking {unknown}
 n - 3 scrolls of random uselessness {unknown}
Potions
 o - a potion of flight {unknown}
 p - a potion of might {unknown}
Comestibles
 e - a bread ration
 f - 4 fruits


   Skills:
 - Level 2.1 Fighting
 * Level 7.6 Maces & Flails
 - Level 1.7 Throwing
 - Level 2.4 Dodging


You had 5 spell levels left.
You didn't know any spells.

Dungeon Overview and Level Annotations

Branches:
Dungeon (4/15)
 Temple: D:4-7

Altars:
Dithmenos
Fedhas
Makhleb
Zin

Annotations:
D:3 nublet's ghost, amateur DgEE


Innate Abilities, Weirdness & Mutations

You are resistant to torment.
Your stone body is resilient (AC +4).
You are immune to poison.
You resist negative energy.
You are resistant to electric shocks.
You can survive without breathing.
You are immune to petrification.
You are immune to rotting.


Message History

You are too injured to fight recklessly!
You are too injured to fight recklessly!
You are too injured to fight recklessly!
You are too injured to fight recklessly!
You are too injured to fight recklessly!
You are too injured to fight recklessly!
You are too injured to fight recklessly!
Aim: an ogre, wielding a giant spiked club You throw a throwing net {=f, !d}.
The throwing net {=f, !d} hits the ogre.
The ogre is caught in the net!
The ogre struggles against the net.
You thump the ogre!
The ogre struggles against the net.
You hit the ogre but do no damage.
The ogre struggles against the net.
The helpless ogre fails to defend itself.
You hit the ogre.
The ogre struggles against the net.
The net rips apart, and the ogre comes free!
You hit the ogre but do no damage.
The ogre hits you with a giant spiked club!!
Ouch! That really hurt!
You die...

##.# ...# #.>#
#..######
#........ # #.#
. #.# ##### #
#.###...#
#.O@..#.#
#####...######
##.......######
#######.##...
#.##.####
#...#.§§#
####.##§§
###### #


You could see an ogre.

Vanquished Creatures
  Sigmund (D:3)
  2 scorpions (D:4)
  2 orc wizards (D:4)
  4 gnolls (D:4)
  3 adders
  2 worms (D:2)
  A giant gecko (D:2)
  3 orcs
  A ball python (D:2)
  4 bats
  A giant cockroach (D:2)
  4 hobgoblins (D:1)
  7 kobolds
  A quokka (D:4)
  12 rats
48 creatures vanquished.

Notes
Turn   | Place    | Note
--------------------------------------------------------------
     0 | D:1      | Goblin1989 the Gargoyle Gladiator began the quest for the Orb.
     0 | D:1      | Reached XP level 1. HP: 12/12 MP: 1/1
   337 | D:1      | Reached XP level 2. HP: 15/17 MP: 2/2
   539 | D:1      | You fall through a shaft!
   636 | D:2      | Found a faded altar to an unknown god.
   683 | D:2      | Reached skill level 4 in Maces & Flails
   884 | D:2      | Reached XP level 3. HP: 21/21 MP: 3/3
  1095 | D:2      | Found a burning altar of Makhleb.
  1096 | D:2      | Found a glowing silver altar of Zin.
  1096 | D:2      | Noticed an angel
  1097 | D:2      | Noticed a green death
  1645 | D:3      | Noticed nublet's ghost (amateur DgEE)
  1661 | D:4      | Noticed a scorpion
  1670 | D:4      | Killed a scorpion
  1670 | D:4      | Reached skill level 5 in Maces & Flails
  1670 | D:4      | Reached XP level 4. HP: 12/26 MP: 4/4
  1868 | D:4      | Reached XP level 5. HP: 5/30 MP: 5/5
  1895 | D:4      | HP: 1/30 [orc wizard/dagger (3)]
  1903 | D:4      | Reached skill level 6 in Maces & Flails
  2190 | D:3      | Noticed Sigmund
  2200 | D:3      | Killed Sigmund
  2200 | D:3      | Reached skill level 7 in Maces & Flails
  2200 | D:3      | Reached XP level 6. HP: 25/35 MP: 6/6
  2201 | D:3      | Found a blossoming altar of Fedhas.
  2446 | D:4      | Found a shadowy altar of Dithmenos.
  2449 | D:4      | Noticed a scorpion
  2465 | D:4      | Killed a scorpion
  2498 | D:4      | Noticed an ogre
  2508 | D:4      | Mangled by an ogre

Action                   |  1- 3 |  4- 6 || total
-------------------------+-------+-------++-------
Melee: Flail             |   121 |   101 ||   222
Throw: Throwing net      |       |     4 ||     4
  Use: Potion            |     1 |     1 ||     2
 Stab: Held in net/web   |       |     1 ||     1
  Eat: Fruit             |     1 |       ||     1
       Chunk             |     1 |       ||     1
       Bread ration      |       |     1 ||     1
